 Dungeon Crawl Stone Soup version 0.31-a0-325-g067879e3d3 (webtiles) character file.

Game seed: 317973440145003237

69 cforsyth the Changeling (level 4, -3/34 HPs)
             Began as a Vampire Shapeshifter on July 18, 2023.
             Killed by nerve-wracking pain
             ... invoked by an orc priest
              (14 damage)
             ... on level 3 of the Dungeon.
             The game lasted 00:02:42 (1886 turns).

cforsyth the Changeling (Vampire Shapeshifter)      Turns: 1886, Time: 00:02:42

Health: -3/34      AC:  2    Str: 16    XL:     4   Next: 2%
Magic:  4/4        EV: 13    Int: 10    God:
Gold:   75         SH:  0    Dex: 14    Spells: 3/3 levels left

rFire   . .          .
                       - Unarmed
rCold   . . .        (no shield)
rNeg    . . .        a - +0 animal skin
rPois   .            (helmet currently unavailable)
rElec   .            (cloak currently unavailable)
rCorr   .            (gloves currently unavailable)
SInv    +            (boots currently unavailable)
Will    .....        (no amulet)
Stlth   +            (no ring)
HPRegen 0.45/turn    (no ring)
MPRegen 0.09/turn

%: no passive effects
@: beast-form, healing quickly
A: beast (slay +2), alive, fangs 3, see invisible, vampiric 2
a: Exsanguinate, Begin Untransformation


You were on level 3 of the Dungeon.
You were a hulking beast.
You visited 1 branch of the dungeon, and saw 3 of its levels.

You collected 75 gold pieces.

Inventory:

Armour
 a - a +0 animal skin (worn)
Jewellery
 r - a ring of ice
Talismans
 c - a beast talisman
Scrolls
 e - a scroll of revelation {unknown}
 g - 2 scrolls of amnesia {unknown}
 h - a scroll of immolation {unknown}
 i - 4 scrolls of teleportation {unknown}
 j - a scroll of vulnerability {unknown}
 k - a scroll of summoning {unknown}
 l - a scroll of enchant armour {unknown}
 n - 7 scrolls of identify {unknown}
 q - a scroll of fear {unknown}
 s - a scroll of noise {unknown}
Potions
 b - a potion of lignification
 d - 2 potions of brilliance {unknown}
 f - a potion of enlightenment {unknown}
 m - 2 potions of curing {unknown}
 o - a potion of haste {unknown}
 p - a potion of degeneration {unknown}


   Skills:
 + Level 2.4 Fighting
 + Level 3.0 Dodging
 + Level 3.0 Unarmed Combat
 + Level 3.7 Shapeshifting


You had 3 spell levels left.
You didn't know any spells.
Your spell library contained the following spells:

 Spells                   Type           Power      Damage    Failure   Level
 Volatile Blastmotes      Fire/Tloc      0%         2d10      75%         3
 Anguish                  Hex/Necr       0%         N/A       98%         4
 Cause Fear               Hex            0%         N/A       98%         4
 Fulminant Prism          Conj/Hex       0%         3d5       98%         4
 Iskenderun's Mystic Bla  Conj/Tloc      0%         2d3       98%         4
 Enfeeble                 Hex            0%         N/A       100%        7


Dungeon Overview and Level Annotations

Branches:
Dungeon (3/15)

Altars:
Wu Jian


Innate Abilities, Weirdness & Mutations

You are a hulking beast.
Your limbs bulge with bestial killing power. (Slay +2)
Your natural rate of healing is accelerated.
You have razor-sharp teeth.
You have supernaturally acute eyesight. (SInv)
You are afflicted with vampirism and can become a bat while bloodless.


Message History

You are too injured to fight recklessly!
You are too injured to fight recklessly!
You are too injured to fight recklessly!
The orc attacks as you move away! The orc closely misses you.
The orc attacks as you move away! The orc hits you with a +0 short sword.
You closely miss the orc.
The orc is lightly wounded.
The orc closely misses you.
You hit the orc.
The orc is almost dead.
The orc hits you with a +0 short sword.
* * * LOW HITPOINT WARNING * * *
You barely miss the orc. You bite the orc, but do no damage.
The orc is almost dead.
The orc hits you but does no damage.
You punch the orc!
You kill the orc!
You closely miss the quokka. You bite the quokka.
You kill the quokka!
You hit the orc.
The orc is heavily wounded.
The orc misses you.
Unknown command.
You hit the orc but do no damage.
The orc is heavily wounded.
Unknown command.
You hit the orc.
You kill the orc!
You have reached level 4!
You hit the orc priest.
You bite the orc priest, but do no damage.
The orc priest is lightly wounded.
The orc priest barely misses you.
You closely miss the orc priest.
You punch the orc priest, but do no damage.
You bite the orc priest.
The orc priest is lightly wounded.
The orc priest mumbles some strange prayers to Beogh against you.
Pain shoots through your body!
You die...

..### #.... .. ........
.....###.... ... ......
............ ....#.....
.........#.. ....#o...
...#.....##. .........
.!....#.....#.. .......o#
#.# #.........#
........####.#####........
........#h...............#
........o#.#..............
........o.....###.#.#.....
........?..##.###.........
######..............##....
.......................
.....###................
..........)..###........
.....#.##........=......


You could see an orc priest and an orc.

Vanquished Creatures
  An adder (D:2)
  2 worms (D:2)
  2 dart slugs (D:2)
  2 orcs (D:3)
  3 ball pythons
  6 endoplasms
  A giant cockroach (D:1)
  3 goblins
  6 hobgoblins
  2 quokkas
  3 frilled lizards
  9 kobolds
  3 rats
43 creatures vanquished.

Notes
Turn   | Place    | Note
-------+----------+-------------------------------------------
     0 | D:1      | cforsyth the Vampire Shapeshifter began the quest for the
                  | Orb.
     0 | D:1      | Reached XP level 1. HP: 16/16 MP: 1/1
   110 | D:1      | Found a faded altar of an unknown god.
   266 | D:1      | Found Bitsosea's General Store.
   308 | D:1      | Reached XP level 2. HP: 16/22 MP: 2/2
   792 | D:2      | Gained mutation: You are afflicted with vampirism and can
                  | become a bat while bloodless. [Vampire growth]
   792 | D:2      | Reached XP level 3. HP: 12/27 MP: 3/3
  1782 | D:3      | Found an ornate altar of the Wu Jian Council.
  1885 | D:3      | Reached XP level 4. HP: 10/34 MP: 4/4
  1886 | D:3      | Killed from afar by an orc priest

Illustrated notes

Levels and vault maps discovered:
D:1:      erik_arrival_blinker_ship, layout_loops_ring,
          dreamdust_ecumenical_altar_grove, serial_shops, shop,
          minmay_misc_feat_diagonals
D:2:      layout_loops_corners, grunt_ministairs_7, kennysheep_potato
D:3:      layout_basic, marbit_many_paths

Skill      XL: |  1  2  3 |
---------------+----------+-----
Fighting       | 2 |  2.4
Dodging        | 3 |  3.0
Unarmed Combat | 3 |  3.0
Shapeshifting  | |  3.7

Action                     |  1- 3 |  4- 6 || total
---------------------------+-------+-------++-------
  Melee: Unarmed           |   109 |     2 ||   111
         Bite              |    10 |     2 ||    12
         Punch             |     4 |     1 ||     5
   Stab: Sleeping          |     3 |       ||     3
 Armour: Animal skin       |     5 |       ||     5
  Dodge: Dodged            |    44 |     1 ||    45

Table legend: (Time is in decaauts)
 A = Elapsed time spent in this place.
 B = Non-inter-level travel time spent in this place.
 C = Inter-level travel time spent in this place.
 D = Time resting spent in this place.
 E = Time spent auto-exploring this place.
 F = Levels seen in this place.
 G = Mean time per level.
                   A        B        C        D        E       F      G
               +--------+--------+--------+--------+--------+-----+--------+
         Total |   1880 |   1865 |     15 |      0 |   1585 |   3 |  626.7 |
       Dungeon |   1880 |   1865 |     15 |      0 |   1585 |   3 |  626.7 |
               +--------+--------+--------+--------+--------+-----+--------+

Top non-repeatable levels by time:
     D:2: 952 daAuts
     D:1: 767 daAuts
     D:3: 160 daAuts
